AoeStats
← Elgato8153

Arabian Desert

509278470Analyzed
1v1 RM · 6d ago on Sep 26, 2026· 40m 41s· 2 players
Game mode
Random Map
Map size
Tiny (2 player)
Population
200
Speed
Normal
Resources
Standard
Victory
Conquest
Starting age
Dark Age
Ending age
Imperial Age
RankedLock teamsTeams togetherTeam positionsShared explorationLock speedFull tech treeHidden civsTurbo modeCheats
Victory
Defeat
🇪🇸 Georgians · Spain
895
+18
🇦🇺 Byzantines · Australia
939
-18
Elgato8153
6:14 Loom
9:01 Feudal Age
10:33 Man-at-Arms
19:22 Town Watch
24:51 Castle Age
24:59 Wheelbarrow
24:25 Double-Bit Axe
24:49 Stone Mining
25:23 Horse Collar
25:56 Bow Saw
25:56 Gold Mining
26:44 Scale Barding Armor
27:17 Forging
29:25 Stone Shaft Mining
29:18 Scale Mail Armor
32:32 Husbandry
32:43 Bloodlines
35:42 Fervor
38:04 Chain Barding Armor
39:07 Iron Casting
37:59 Pikeman
39:06 Squires
40:42 Chain Mail Armor
41:33 Hand Cart
Nebuchadnezzar
8:16 Loom
11:23 Feudal Age
16:27 Fletching
20:12 Forging
21:57 Scale Barding Armor
26:13 Castle Age
26:58 Husbandry
31:48 Iron Casting
33:46 Wheelbarrow
33:40 Chain Barding Armor
33:43 Scale Mail Armor
36:03 Bodkin Arrow
Connection lost

Rejoining the realm…

Still unreachable

The connection could not be restored.

Session expired

The server has moved on; the page needs a fresh start.